 Dungeon Crawl Stone Soup version 0.23.2 (webtiles) character file.

Game seed: 15696529587897416182

12 Kairos the Skirmisher (level 2, 13/25 HPs)
             Began as a Formicid Abyssal Knight on Apr 9, 2019.
             Was a Follower of Lugonu.
             Quit the game on level 1 of the Dungeon.
             The game lasted 00:01:50 (668 turns).

Kairos the Skirmisher (Formicid Abyssal Knight)      Turns: 668, Time: 00:01:50

Health: 13/25      AC:  6    Str: 16    XL:     2   Next: 45%
Magic:  3/3        EV:  7    Int: 11    God:    Lugonu [*.....]
Gold:   24         SH:  0    Dex: 10    Spells: 1/1 levels left

rFire    . . .     SeeInvis +   a - +1 spear
rCold    . . .     Gourm    .   (no shield)
rNeg     . . .     Faith    .   h - +0 chain mail
rPois    .         Spirit   .   (helmet unavailable)
rElec    .         Reflect  .   (no cloak)
rCorr    .         Harm     .   (no gloves)
MR       .....                  (no boots)
Stlth    ..........             (no amulet)
HPRegen  0.08/turn              f - -2 ring of protection (curse)
MPRegen  0.08/turn              (no ring)

@: no status effects
A: permanent stasis, dig shafts and tunnels, four strong arms, antennae 3
a: Dig, Shaft Self, Depart the Abyss, Renounce Religion


You were on level 1 of the Dungeon.
You worshipped Lugonu.
Lugonu was aware of your devotion.
You were not hungry.

You visited 1 branch of the dungeon, and saw 1 of its levels.
You visited the Abyss 1 time.

You collected 24 gold pieces.

Inventory:

Hand Weapons
 a - a +1 spear (weapon)
Armour
 b - a +0 leather armour
 d - a +0 ring mail
 e - a +0 scale mail
 h - a +0 chain mail (worn)
Jewellery
 f - a cursed -2 ring of protection (left hand)
Potions
 g - a potion of heal wounds {unknown}
Comestibles
 c - 2 rations


   Skills:
 + Level 3.7 Fighting
 + Level 2.2 Polearms
 + Level 2.1 Armour
 + Level 1.0 Dodging
 + Level 2.3 Invocations


You had one spell level left.
You didn't know any spells.
Your spell library was empty.

Dungeon Overview and Level Annotations

Branches:
Dungeon (1/15)

Altars:


Innate Abilities, Weirdness & Mutations

You cannot be hasted, slowed, berserked, paralysed or teleported.
You can dig through walls and to a lower floor.
Your four strong arms can wield two-handed weapons with a shield.
You have a pair of large antennae on your head. (SInv)


Message History

You are too injured to fight recklessly!
You retract your mandibles.
You closely miss the jackal.
The jackal is severely wounded.
The jackal barely misses you.
The jackal bites you but does no damage.
You hit the jackal.
You kill the jackal!
Lugonu accepts your kill.
You see here a jackal corpse.
You see here a chain mail.
h - a chain mail You start removing your armour.
You continue taking off your +0 scale mail. x4
You finish taking off your +0 scale mail.
You start putting on your armour.
You continue putting on your chain mail. x5
You finish putting on your +0 chain mail.
Oops, that ring feels deathly cold.
f - a cursed -2 ring of protection (left hand) Are you sure you want to abandon this character and quit the game? (Confirm with "yes".)

.#.### ########....### .....# #.#
####..#.....
.###.###.###.....#.###.#.......#.
## #.+..<..'.##....... #.........
#######.#######.#.### #$........
#.............#.#.#####.........
####.#####.####.#..............#
##.#####.## #.#..# #........#
####.........# #@#..# #........#
..######.#######..†.## #........#
#.'...........'..#...# #........#
########.######..#...###†.......#
# #.# ##.#........####### # #.#
#.#.#.###.######## # ###
#.###.............
#.###..##.######## #.....†...# #.


There were no monsters in sight!

Vanquished Creatures
  A hobgoblin (D:1)
  3 jackals (D:1)
  2 kobolds (D:1)
  2 bats (D:1)
  A frilled lizard (D:1)
  3 rats (D:1)
12 creatures vanquished.

Notes
Turn   | Place    | Note
-------+----------+-------------------------------------------
     0 | Abyss:1  | Kairos the Formicid Abyssal Knight began the quest for the
                  | Orb.
     0 | Abyss:1  | Reached XP level 1. HP: 18/18 MP: 2/2
    47 | Abyss:1  | Found a corrupted altar of Lugonu.
   101 | Abyss:2  | Noticed a wretched star
   135 | Abyss:2  | Noticed a ynoxinul
   154 | D:1      | Escaped the Abyss
   420 | D:1      | Reached skill level 1 in Dodging
   574 | D:1      | Reached XP level 2. HP: 24/24 MP: 3/3
   630 | D:1      | Reached * piety under Lugonu
   668 | D:1      | Quit the game

Skill      XL: |  1 |
---------------+----+-----
Dodging        | 1 |  1.0
Fighting       | |  3.7
Polearms       | |  2.2
Armour         | |  2.1
Invocations    | |  2.3

Action                   || total
-------------------------++-------
Melee: Spear             ||    51
Invok: Depart the Abyss  ||     1
 Abil: Dig               ||     4
Armor: Scale mail        ||    16
       Leather armour    ||     2
       Ring mail         ||     2
Dodge: Dodged            ||    40
